 Dungeon Crawl Stone Soup version 0.29-a0-676-ga64570c (webtiles) character file.

Game seed: 641389300649614035

196921 Dawnplanks the Bludgeoner (level 17, 0/179 (185) HPs)
             Began as a Troll Fighter on June 24, 2022.
             Was the Champion of Jiyva.
             Slain by a sphinx (6 damage)
             ... in a wizard's laboratory.
             The game lasted 01:36:27 (32881 turns).

Dawnplanks the Bludgeoner (Troll Fighter)          Turns: 32881, Time: 01:36:28

HP:   0/179 (185)   AC: 14    Str: 40      XL:     17   Next: 76%
MP:   19/19         EV: 22    Int: -1 (0)  God:    Jiyva [******]
Gold: 2856          SH:  0    Dex: 13 (15) Spells: 16/16 levels left

rFire   + . .      SeeInvis .   S - +4 flail (protect)
rCold   . . .      Faith    .   c - +0 kite shield
rNeg    . . .      Spirit   .   h - +1 shadow dragon scales
rPois   .          Reflect  +   r - +1 hat
rElec   .          Harm     .   p - +1 cloak of Starlight {*Dazzle EV+4 Stlth--}
rCorr   +          Rampage  .   (gloves unavailable)
Will    +....                   (boots unavailable)
Stlth   +.........              w - amulet of reflection
HPRegen 2.79/turn               y - +4 ring of evasion
MPRegen 0.66/turn               O - +4 ring of evasion

@: confused, corroded, hasted and slowed, lost intelligence, lightly drained,
unable to read
A: large, unfitting armour, claws 3, regeneration 1, shaggy fur 1, tough skin 1,
agile 2, fire resistance 1, high MP 2, robust 1, strong 2, eyeballs 1,
translucent skin 3, evolution 1, jelly absorbing missiles, engulf
}: 1/15 runes: slimy
a: Renounce Religion, Oozemancy, Slimify


You were in a wizard's laboratory.
You worshipped Jiyva.
Jiyva was exalted by your worship.
You visited 7 branches of the dungeon, and saw 35 of its levels.
You visited the Abyss 1 time.
You also visited: Bailey, Ice Cave and Wizlab.

You collected 2912 gold pieces.
You spent 56 gold pieces at shops.

Inventory:

Hand Weapons
 l - the +8 demon trident "Rift" {distort, reach+}
   (You found it on level 13 of the Dungeon)

   It warps and distorts space around it, and may blink, banish, or inflict
   extra damage upon those it strikes.
   Unwielding it can cause banishment or high damage.
   It can reach especially far, and its reaching attacks ignore other creatures
   in the way.
 A - a +2 eveningstar of draining
 S - a +4 flail of protection (weapon)
Missiles
 B - a throwing net
 E - 22 large rocks (quivered)
Armour
 c - a +0 kite shield (worn)
 h - +1 shadow dragon scales (worn)
 p - the +1 cloak of Starlight (worn) {*Dazzle EV+4 Stlth--}
   (You found it in an ice cave)

   It may blind those who miss an attack against the wearer in melee combat.
   EV:        It affects your evasion (+4).
   Stlth:     It makes you much less stealthy.
 r - a +1 hat (worn)
 J - +0 fire dragon scales
 M - a scarf of resistance
 U - a +2 cloak of poison resistance
 X - a +1 troll leather armour
Jewellery
 q - the ring of Coomey {rElec rN++ EV+4 Str-4 SInv}
   (You found it on level 5 of the Pits of Slime)

   [ring of evasion]

   EV:        It affects your evasion (+4).
   Str:       It affects your strength (-4).
   rElec:     It insulates you from electricity.
   rN:        It greatly protects you from negative energy.
   SInv:      It lets you see invisible.
 w - an amulet of reflection (around neck)
 y - a +4 ring of evasion (left claw)
 z - the ring "Goriague" {Fire rN+}
   (You found it on level 5 of the Pits of Slime)

   [ring of fire]

   It enhances your fire magic.
   rF:        It protects you from fire.
   rC:        It makes you vulnerable to cold.
   rN:        It protects you from negative energy.
 F - a ring of poison resistance
 O - a +4 ring of evasion (right claw)
 Q - a ring of see invisible
 Y - the ring of Equilibrium {Ice rCorr Slay+2 Stlth+}
   (You found it on level 6 of the Lair of Beasts)

   [ring of ice]

   It enhances your ice magic.
   Slay:      It affects your accuracy & damage with ranged weapons and melee
   (+2).
   rF:        It makes you vulnerable to fire.
   rC:        It protects you from cold.
   rCorr:     It protects you from acid and corrosion.
   Stlth:     It makes you more stealthy.
Wands
 G - a wand of digging (5)
 I - a wand of polymorph (1)
Scrolls
 a - a scroll of brand weapon
 b - 3 scrolls of silence
 d - 4 scrolls of magic mapping
 g - 2 scrolls of enchant armour
 i - 5 scrolls of fog
 m - 2 scrolls of noise
 n - 4 scrolls of immolation
 o - a scroll of torment
 t - a scroll of enchant weapon
 v - 3 scrolls of blinking
 H - a scroll of poison
 P - 3 scrolls of identify
 V - 7 scrolls of teleportation
 W - 4 scrolls of fear
Potions
 f - 3 potions of resistance
 j - 3 potions of mutation
 k - 5 potions of magic
 s - 7 potions of attraction
 u - 3 potions of lignification
 C - 4 potions of flight
 D - a potion of berserk rage
 K - 8 potions of curing
 N - 2 potions of ambrosia
 R - a potion of cancellation
 T - 4 potions of brilliance
 Z - 4 potions of might
Miscellaneous
 x - a condenser vane


   Skills:
 + Level 10.9 Fighting
 + Level 17.8 Maces & Flails
 + Level 1.4 Throwing
 + Level 9.2 Armour
 + Level 8.4 Dodging
 + Level 17.7 Shields


You had 16 spell levels left.
You didn't know any spells.
Your spell library contained the following spells:

 Spells                   Type           Power      Damage    Failure   Level
 Apportation              Tloc           0%         N/A       97%         1
 Magic Dart               Conj           0%         1d3       97%         1
 Necrotize                Necr           0%         1d4       97%         1
 Shock                    Conj/Air       0%         1d3       97%         1
 Sting                    Tmut/Pois      0%         1d3       97%         1
 Summon Small Mammal      Summ           0%         N/A       97%         1
 Call Imp                 Summ           0%         N/A       99%         2
 Poisonous Vapours        Pois/Air       0%         N/A       99%         2
 Searing Ray              Conj           0%         2d4       99%         2
 Call Canine Familiar     Summ           0%         N/A       100%        3
 Conjure Flame            Conj/Fire      0%         6-21      100%        3
 Gell's Gravitas          Tloc           0%         N/A       100%        3
 Ignite Poison            Fire/Tmut/Pois 0%         N/A       100%        3
 Lesser Beckoning         Tloc           0%         N/A       100%        3
 Summon Guardian Golem    Hex/Summ       0%         N/A       100%        3
 Swiftness                Air            0%         N/A       100%        3
 Teleport Other           Tloc           0%         N/A       100%        3
 Airstrike                Air            0%         N/A       100%        4
 Animate Armour           Summ/Erth      0%         N/A       100%        4
 Fulminant Prism          Conj/Hex       0%         3d6       100%        4
 Hailstorm                Conj/Ice       0%         3d3       100%        4
 Ice Form                 Ice/Tmut       0%         N/A       100%        4
 Leda's Liquefaction      Hex/Erth       0%         N/A       100%        4
 Olgreb's Toxic Radiance  Pois           0%         N/A       100%        4
 Passage of Golubria      Tloc           0%         N/A       100%        4
 Petrify                  Tmut/Erth      0%         N/A       100%        4
 Sticky Flame             Conj/Fire      0%         2d3       100%        4
 Fireball                 Conj/Fire      0%         3d3       100%        5
 Lee's Rapid Deconstruct  Erth           0%         3d5*      100%        5
 Metabolic Englaciation   Hex/Ice        0%         N/A       100%        5
 Silence                  Hex/Air        0%         N/A       100%        5
 Simulacrum               Ice/Necr       0%         N/A       100%        6
 Starburst                Conj/Fire      0%         6d3       100%        6
 Statue Form              Tmut/Erth      0%         N/A       100%        6
 Ignition                 Fire           0%         3d3       100%        8
 Lehudib's Crystal Spear  Conj/Erth      0%         10d2      100%        8
 Chain Lightning          Conj/Air       0%         N/A       100%        9
 Fire Storm               Conj/Fire      0%         5d1       100%        9
 Shatter                  Erth           0%         3d5*      100%        9


Dungeon Overview and Level Annotations

Branches:
Dungeon (15/15)            Temple (1/1) D:4            Lair (6/6) D:9
 Shoals (0/4) Lair:4       Spider (4/4) Lair:3        Slime (5/5) Lair:6
    Orc (2/2) D:9             Elf (2/3) Orc:2        Vaults (0/5) D:14
 Depths (0/4) D:15         Bailey (visited)           IceCv (visited)
 WizLab (1/1)

Altars:
Ashenzari
Cheibriados
Dithmenos
Elyvilon
Fedhas
Gozag
Hepliaklqana
Kikubaaqudgha
Makhleb
Nemelex Xobeh
Okawaru
Qazlal
Ru
Sif Muna
Trog
Uskayaw
Vehumet
Wu Jian
Xom
Yredelemnul
Zin
The Shining One
Beogh
Jiyva

Shops:
D:10 *   D:11 [   D:15 [   Orc:2 *[*?   Elf:1 ??*

Annotations:
Slime:5 Dissolution, Royal Jelly
Elf:2 3 runed translucent doors


Innate Abilities, Weirdness & Mutations

You are too large for most types of armour.
You have claws for hands.
Your natural rate of healing is unusually fast.
You are covered in fur. (AC +1)
You have tough skin. (AC +1)
You are very agile. (Dex +8, Int/Str-2)
Your flesh is heat resistant. (rF+)
You have a considerably increased reservoir of magic. (+20% MP)
You are robust. (+10% HP)
Your muscles are very strong. (Str +8, Int/Dex-2)
Your body has grown eyes which may confuse attackers. (Acc +3)
Your transparent skin significantly reduces your foes' accuracy. (Stealth+)
You have hidden genetic potential.
You have a small jelly attached to you that may absorb projectiles.
Your melee attacks may engulf your foes in ooze.


Message History

The entropy weaver barely misses you.
The entropy weaver hits you but does no damage. x2
The entropy weaver hits you.
* * * LOW HITPOINT WARNING * * *
The deep elf zephyrmancer mumbles some strange words.
The deep elf zephyrmancer blinks!
The sphinx hits you but does no damage. x3
The sphinx hits you.
* * * LOW HITPOINT WARNING * * *
The sphinx hits you.
* * * LOW HITPOINT WARNING * * *
The sphinx hits you.
* * * LOW HITPOINT WARNING * * *
The sphinx hits you but does no damage. The sphinx hits you.
* * * LOW HITPOINT WARNING * * *
The sphinx hits you but does no damage.
The demonspawn corrupter hits you with a +0 demon whip of freezing.
* * * LOW HITPOINT WARNING * * *
The demonspawn corrupter freezes you.
* * * LOW HITPOINT WARNING * * *
The demonspawn corrupter kicks you but does no damage.
The deep elf high priest utters a dark prayer and points at you.
Your life force is offered up.
* * * LOW HITPOINT WARNING * * *
The sphinx is healed.
The wizard hits you but does no damage.
You can move again.
You feel yourself speed up.
The glowing orange brain trembles before you.
The boggart misses you.
The eyeballs on your body gaze at the boggart.
You hear some strange, mumbled words.
Send 'em back where they came from!
The glowing orange brain shudders.
The entropy weaver hits you.
* * * LOW HITPOINT WARNING * * *
The entropy weaver hits you!
* * * LOW HITPOINT WARNING * * *
The entropy weaver misses you. The entropy weaver hits you!
* * * LOW HITPOINT WARNING * * *
The sphinx hits you.
You die...

+#####
##########...8..
#........'......
,
#..pZZG.{ee.!...
#.≈Z≈≈HH{#.p....
#.≈≈≈{6Hg#.....8
#..Z≈eH@H#...$$$
#....2pBe#...$$$
♣
♣##'#######.8.$$§
.§ ♣..)).#
,*...$$$
§.§♣♣♣....# ,
..... §.§§.♣...♣#
, ...88 * * ≈
§⌠§....†..#,,,
....,
,§§..♣♣...♣#,
.... , §..* ♣♣.♣♣
, ,


You could see a demonspawn corrupter (summoned), 5 sphinxes, an entropy weaver,
a shadow demon (summoned), 2 deep elf high priests, a necromancer (summoned), 2
wizards, 2 deep elf zephyrmancers, a boggart (summoned, confused), a demonspawn
black sun zombie (summoned), a deep elf high priest skeleton (summoned), an
ironbound convoker skeleton (summoned), a tengu reaver skeleton (summoned) and a
neutral glowing orange brain (summoned) (fellow slime).

Vanquished Creatures
  A tentacled starspawn (WizLab)
  A deep elf sorcerer (Elf:1)
  2 ghost moths (Spider:4)
  A frost giant (IceCv)
  4 emperor scorpions
  2 broodmothers
  2 stone giants
  A deep elf demonologist (Elf:1)
  A lorocyproca (Abyss:2)
  3 dire elephants (Lair:6)
  2 spark wasps (Spider:3)
  Josephine (D:14)
  A merfolk javelineer (WizLab)
  A fire dragon (D:14)
  9 hydras
  5 vault guards (D:14)
  2 radroaches
  2 catoblepae
  A jorogumo (Spider:4)
  5 boulder beetles
  2 two-headed ogres
  6 death yaks
  A thrashing horror (Abyss:2)
  9 centaur warriors
  16 dancing weapons
  6 tengu warriors
  An orc high priest (Elf:1)
  3 wretched stars (Abyss:2)
  6 deep elf knights
  A hell knight (WizLab)
  A sixfirhy (Abyss:2)
  13 skeletal warriors
  4 pharaoh ants
  A spectral death yak (Lair:6)
  A spectral anaconda (Lair:6)
  3 steelbarb worms
  A deep elf archer (Elf:2)
  An obsidian statue (Lair:6)
  A lindwurm (Lair:2)
  4 orb spiders
  5 wizards
  6 orc knights
  6 deep elf zephyrmancers
  4 necromancers (Lair:6)
  15 deep elf pyromancers
  4 large abominations (Abyss:2)
  2 oklob plants (Lair:6)
  3 orc sorcerers
  18 ugly things
  11 wolf spiders
  5 cyclopes
  A manticore (D:13)
  A merfolk siren (Lair:4)
  A worldbinder (Abyss:2)
  3 black mambas
  2 water nymphs (WizLab)
  3 smoke demons (Abyss:2)
  32 elephants
  An ice statue (IceCv)
  An orange demon (Abyss:2)
  5 torpor snails
  2 gargoyles
  3 unseen horrors
  An unseen horror (shapeshifter) (D:15)
  17 cane toads
  2 kobold demonologists
  2 dire elephant skeletons
  2 ice devils (Lair:2)
  3 rime drakes
  8 demonic crawlers (Spider:4)
  11 komodo dragons
  4 tengu conjurers
  A yaktaur (D:15)
  4 ancient zymes (Abyss:2)
  12 polar bears
  3 trolls
  A meliai (shapeshifter) (D:14)
  A tarantella (shapeshifter) (D:14)
  2 meliai (Spider:4)
  Grinder (D:5)
  14 tarantellas
  5 raiju (Abyss:2)
  Prince Ribbit (D:8)
  12 dream sheep
  18 blink frogs
  A spectral elephant (Lair:6)
  An air elemental (Elf:2)
  20 culicivoras
  A water elemental (Elf:1)
  6 wraiths
  12 jumping spiders
  3 shadows
  4 vampires
  A ynoxinul (Abyss:2)
  51 yaks
  3 fire elementals
  2 wyverns (Lair:5)
  A human (D:14)
  A chaos spawn (Abyss:2)
  4 basilisks
  16 redbacks
  A warg (Orc:1)
  2 steam dragons
  11 vampire mosquitoes
  3 acid dragons
  16 water moccasins
  5 small abominations
  2 ice beasts (D:8)
  34 orc warriors
  A sky beast (D:6)
  A black bear (D:6)
  32 centaurs
  2 elephant zombies (Lair:6)
  6 ogres
  A boggart (Elf:1)
  30 wolves
  18 bullfrogs
  An earth elemental (Abyss:2)
  A scorpion (D:5)
  3 gnoll sergeants
  5 wights (D:9)
  5 killer bees (D:10)
  11 howler monkeys
  8 vampire bats (Bailey)
  2 electric eels
  4 wolf zombies (Bailey)
  A crimson imp (Abyss:2)
  Crazy Yiuf (D:2)
  6 starcursed masses (Abyss:2)
  A hound (D:4)
  10 orc priests
  2 gnoll shamans
  An iron imp (Abyss:2)
  4 iguanas
  Natasha (thrice) (D:2)
  22 orc wizards
  13 hell rats
  27 gnolls
  7 adders
  A white imp (D:6)
  An ufetubus (Abyss:2)
  5 worms
  73 orcs
  3 ball pythons
  4 bats
  9 endoplasms
  3 giant cockroaches
  12 goblins
  10 hobgoblins
  2 jackals (D:2)
  7 kobolds
  A quokka (D:1)
  5 frilled lizards
  17 orc zombies (Bailey)
  2 rats
  A starspawn tentacle (WizLab)
973 creatures vanquished.

Vanquished Creatures (collateral kills)
  A radroach (Spider:2)
  A tarantella (Spider:2)
2 creatures vanquished.

Vanquished Creatures (others)
  Nikola (Spider:2)
  An azure jelly (Spider:2)
  2 centaur warriors
  A deep elf pyromancer (D:14)
  2 ugly things
  A manticore (D:12)
  A gargoyle (D:14)
  A tengu conjurer (D:14)
  14 slime creatures
  A jumping spider (Spider:3)
  A water moccasin (Lair:6)
  3 orc warriors
  A boggart (Elf:1)
  An orc priest (Elf:1)
  62 jellies
  An iron imp (Abyss:2)
  2 orc wizards
  3 orcs
  A jackal (shapeshifter) (Abyss:2)
  30 fungi
  65 plants
  2 starspawn tentacles (WizLab)
  33 withered plants (Lair:6)
230 creatures vanquished.

Grand Total: 1205 creatures vanquished

Notes
Turn   | Place    | Note
-------+----------+-------------------------------------------
     0 | D:1      | Dawnplanks the Troll Fighter began the quest for the Orb.
     0 | D:1      | Reached XP level 1. HP: 22/22 MP: 0/0
   148 | D:1      | Reached XP level 2. HP: 29/29 MP: 1/1
   713 | D:2      | Noticed Natasha
   717 | D:2      | Noticed a crimson imp
   720 | D:2      | Noticed a crimson imp
   720 | D:2      | Noticed a crimson imp
   721 | D:2      | Reached XP level 3. HP: 23/36 MP: 2/2
   729 | D:2      | Killed Natasha
   767 | D:2      | Noticed Natasha
   779 | D:2      | Gained mutation: You are weak. (Str -2) [potion of
                  | mutation]
   779 | D:2      | Gained mutation: Your flesh is cold resistant. (rC+)
                  | [potion of mutation]
   779 | D:2      | Gained mutation: Armour fits poorly on your strangely
                  | shaped body. [potion of mutation]
   783 | D:2      | Killed Natasha
   784 | D:2      | Reached XP level 4. HP: 41/44 MP: 3/3
   789 | D:2      | Lost mutation: Your flesh is cold resistant. (rC+) [potion
                  | of mutation]
   789 | D:2      | Lost mutation: Armour fits poorly on your strangely shaped
                  | body. [potion of mutation]
   789 | D:2      | Lost mutation: You are weak. (Str -2) [potion of mutation]
   789 | D:2      | Gained mutation: Your system is resistant to poisons.
                  | (rPois) [potion of mutation]
   843 | D:2      | Noticed Natasha
   858 | D:2      | Killed Natasha
   956 | D:2      | Reached XP level 5. HP: 42/52 MP: 4/4
  1074 | D:2      | Found a runed translucent door.
  1075 | D:2      | Noticed Crazy Yiuf
  1084 | D:2      | Killed Crazy Yiuf
  1329 | D:3      | Reached XP level 6. HP: 61/61 MP: 5/5
  1860 | D:4      | Found a staircase to the Ecumenical Temple.
  1875 | Temple   | Entered the Ecumenical Temple
  2814 | D:4      | Found a hide-covered altar of Uskayaw.
  3032 | D:5      | Entered Level 5 of the Dungeon
  3051 | D:5      | Noticed a water moccasin
  3066 | D:5      | Killed a water moccasin
  3067 | D:5      | Reached skill level 5 in Maces & Flails
  3067 | D:5      | Reached XP level 7. HP: 47/67 MP: 6/6
  3352 | D:5      | Found a shadowy altar of Dithmenos.
  3593 | D:5      | Noticed Grinder
  3609 | D:5      | Killed Grinder
  3629 | D:5      | Found a glowing golden altar of the Shining One.
  3719 | D:5      | Found a shimmering blue altar of Sif Muna.
  4105 | D:6      | Reached skill level 5 in Shields
  4105 | D:6      | Reached XP level 8. HP: 75/75 MP: 7/7
  4543 | D:6      | Identified the +4 long sword of Hujirgho {flame, Int+2
                  | Stlth+}
  5795 | D:7      | Reached XP level 9. HP: 80/84 MP: 8/8
  6735 | D:8      | Noticed Prince Ribbit
  6753 | D:8      | Killed Prince Ribbit
  7092 | D:8      | Noticed a troll
  7103 | D:8      | Killed a troll
  7381 | D:9      | Found a flagged portal.
  7426 | Bailey   | Entered a bailey
  7548 | Bailey   | Noticed a gargoyle
  7560 | Bailey   | Killed a gargoyle
  7561 | Bailey   | Reached XP level 10. HP: 70/93 MP: 9/9
  8053 | D:9      | Found a broken altar of Ashenzari.
  8076 | D:9      | Found a staircase to the Lair.
  8108 | D:9      | Reached skill level 1 in Armour
  8299 | D:9      | Reached skill level 10 in Maces & Flails
  8665 | D:9      | Found a staircase to the Orcish Mines.
  8748 | Lair:1   | Entered Level 1 of the Lair of Beasts
  8908 | Lair:1   | Noticed a cane toad
  8916 | Lair:1   | Killed a cane toad
  8930 | Lair:1   | Noticed a cane toad
  8942 | Lair:1   | Killed a cane toad
  9189 | Lair:1   | Noticed a cane toad
  9199 | Lair:1   | Killed a cane toad
  9607 | Lair:2   | Noticed a cane toad
  9614 | Lair:2   | Killed a cane toad
  9615 | Lair:2   | Reached XP level 11. HP: 86/101 MP: 10/10
  9626 | Lair:2   | Found a frozen archway.
  9703 | IceCv    | Entered an ice cave
  9727 | IceCv    | Reached skill level 5 in Fighting
  9727 | IceCv    | Reached skill level 5 in Dodging
  9872 | IceCv    | Noticed a death yak
  9872 | IceCv    | Noticed a death yak
  9896 | IceCv    | Killed a death yak
  9908 | IceCv    | Killed a death yak
 10278 | IceCv    | Reached skill level 10 in Shields
 10477 | IceCv    | Noticed a frost giant
 10478 | IceCv    | Noticed a death yak
 10478 | IceCv    | Noticed a death yak
 10486 | IceCv    | Reached XP level 12. HP: 107/111 MP: 11/11
 10490 | IceCv    | Killed a frost giant
 10501 | IceCv    | Killed a death yak
 10507 | IceCv    | Killed a death yak
 10517 | IceCv    | Reached skill level 1 in Throwing
 10581 | IceCv    | Found the +1 cloak of Starlight {*Dazzle EV+4 Stlth--}
 11860 | Lair:3   | Found a hole to the Spider Nest.
 12000 | Lair:3   | Noticed a six-headed hydra
 12014 | Lair:3   | Killed a six-headed hydra
 12791 | Lair:4   | Reached XP level 13. HP: 120/120 MP: 12/12
 13419 | Lair:4   | Found a staircase to the Shoals.
 14769 | Lair:6   | Entered Level 6 of the Lair of Beasts
 14769 | Lair:6   | Found a staircase to the Slime Pits.
 15000 | Lair:5   | Reached XP level 14. HP: 133/133 MP: 13/13
 15008 | Lair:6   | Found a viscous altar of Jiyva.
 15033 | Lair:6   | Reached skill level 15 in Maces & Flails
 15053 | Lair:6   | Became a worshipper of Jiyva Jofyhuop the Shapeless
 15142 | Lair:6   | Reached skill level 5 in Armour
 15362 | Lair:6   | Reached * piety under Jiyva
 16096 | Lair:6   | Identified the ring of Equilibrium {Ice rCorr Slay+2
                  | Stlth+}
 18325 | D:10     | Entered Level 10 of the Dungeon
 18488 | D:10     | Found Ynkaloi's Assorted Antiques.
 18537 | D:10     | Reached ** piety under Jiyva
 19123 | D:11     | Reached *** piety under Jiyva
 19265 | D:11     | Found Joxasej's Armour Shoppe.
 19573 | D:11     | Lost mutation: Your system is resistant to poisons. (rPois)
                  | [Jiyva's grace]
 19573 | D:11     | Gained mutation: Armour fits poorly on your pseudopods.
                  | [Jiyva's grace]
 19573 | D:11     | Gained mutation: Armour fits poorly on your large
                  | pseudopods. [Jiyva's grace]
 19573 | D:11     | Gained mutation: Armour fits poorly on your massive
                  | pseudopods. [Jiyva's grace]
 19573 | D:11     | Gained mutation: You are covered in slimy tendrils that may
                  | disarm your opponents. [Jiyva's grace]
 20185 | D:12     | You fall into a shaft and drop 2 floors!
 20290 | D:13     | Reached XP level 15. HP: 144/144 MP: 14/14
 20302 | D:13     | Reached **** piety under Jiyva
 20505 | D:13     | Found the +8 demon trident "Rift" {distort, reach+}
 21213 | D:12     | Reached ***** piety under Jiyva
 21747 | Orc:1    | Entered Level 1 of the Orcish Mines
 21857 | Orc:1    | Lost mutation: Armour fits poorly on your massive
                  | pseudopods. [Jiyva's grace]
 21857 | Orc:1    | Lost mutation: Armour fits poorly on your large pseudopods.
                  | [Jiyva's grace]
 21857 | Orc:1    | Gained mutation: Your mind is acute. (Int +4, Str/Dex-1)
                  | [Jiyva's grace]
 21857 | Orc:1    | Gained mutation: Your mind is very acute. (Int +8,
                  | Str/Dex-2) [Jiyva's grace]
 21857 | Orc:1    | Gained mutation: You passively map a small area around you.
                  | [Jiyva's grace]
 21857 | Orc:1    | Gained mutation: You passively map the area around you.
                  | [Jiyva's grace]
 21973 | Orc:1    | Found a runed translucent door.
 22158 | Orc:2    | Entered Level 2 of the Orcish Mines
 22413 | Orc:2    | Found Ulluf's General Store.
 22413 | Orc:2    | Found Eblippio's Armour Shop.
 22415 | Orc:2    | Found Xycseama's General Store.
 22417 | Orc:2    | Found Muatz's Magic Scroll Emporium.
 22431 | Orc:2    | Bought 2 scrolls of identify for 56 gold pieces
 22608 | Orc:2    | Found a staircase to the Elven Halls.
 23465 | Spider:1 | Entered Level 1 of the Spider Nest
 23511 | Spider:1 | Reached skill level 15 in Shields
 23642 | Spider:1 | Gained mutation: You have hidden genetic potential.
                  | [Jiyva's grace]
 23642 | Spider:1 | Gained mutation: You have great hidden genetic potential.
                  | [Jiyva's grace]
 23642 | Spider:1 | Gained mutation: You have an increased reservoir of magic.
                  | (+10% MP) [Jiyva's grace]
 23642 | Spider:1 | Gained mutation: You have a considerably increased
                  | reservoir of magic. (+20% MP) [Jiyva's grace]
 24355 | Spider:2 | Noticed Arachne
 24359 | Spider:2 | Slimified Arachne
 24359 | Spider:2 | Noticed Arachne
 24359 | Spider:2 | Arachne changed into Arachne the azure jelly
 24428 | Spider:2 | Killed Nikola
 24431 | Spider:2 | Killed Arachne the azure jelly
 24516 | Spider:2 | Noticed an emperor scorpion
 24534 | Spider:2 | Killed an emperor scorpion
 24904 | Spider:2 | Noticed an emperor scorpion
 24925 | Spider:2 | Killed an emperor scorpion
 25454 | Spider:3 | Noticed an emperor scorpion
 25489 | Spider:3 | Killed an emperor scorpion
 25556 | Spider:3 | Noticed an emperor scorpion
 25629 | Spider:2 | Killed an emperor scorpion
 25700 | Spider:2 | Reached XP level 16. HP: 69/152 MP: 18/18
 25701 | Spider:2 | Lost mutation: Your mind is very acute. (Int +8, Str/Dex-2)
                  | [mutagenic glow]
 26677 | D:14     | Noticed Josephine
 26691 | D:14     | Killed Josephine
 26719 | D:14     | Lost mutation: You passively map the area around you.
                  | [Jiyva's grace]
 26719 | D:14     | Lost mutation: Armour fits poorly on your pseudopods.
                  | [Jiyva's grace]
 26719 | D:14     | Lost mutation: You are covered in slimy tendrils that may
                  | disarm your opponents. [Jiyva's grace]
 26719 | D:14     | Gained mutation: You are agile. (Dex +4, Int/Str-1)
                  | [Jiyva's grace]
 26719 | D:14     | Gained mutation: You are very agile. (Dex +8, Int/Str-2)
                  | [Jiyva's grace]
 26719 | D:14     | Gained mutation: Your body has grown eyes which may confuse
                  | attackers. (Acc +3) [Jiyva's grace]
 26719 | D:14     | Gained mutation: Your body has grown many eyes which may
                  | confuse attackers. (Acc +5) [Jiyva's grace]
 26969 | D:14     | Gained mutation: Your muscles are strong. (Str +4,
                  | Int/Dex-1) [hidden potential]
 27573 | D:14     | Cast into level 2 of the Abyss (a wizard)
 27709 | Abyss:2  | Noticed a dread lich
 27778 | Abyss:2  | Paralysed by accursed screaming for 1 turns
 27792 | Abyss:2  | Paralysed by accursed screaming for 1 turns
 27834 | Abyss:2  | Found a corrupted altar of Lugonu.
 27939 | Abyss:2  | Reached ****** piety under Jiyva
 27986 | Abyss:2  | Reached skill level 10 in Fighting
 28131 | Abyss:2  | Noticed a profane servitor
 28153 | Abyss:2  | Slimified a profane servitor
 28153 | Abyss:2  | Noticed an acid blob
 28153 | Abyss:2  | a profane servitor changed into an acid blob
 28237 | D:14     | Escaped the Abyss
 28299 | D:14     | Found a gate to the Vaults.
 28789 | Elf:1    | Entered Level 1 of the Elven Halls
 28922 | Elf:1    | Found Qajar's Assorted Antiques.
 28922 | Elf:1    | Found Penelai's Magic Scroll Boutique.
 29026 | Elf:1    | Reached XP level 17. HP: 165/166 MP: 19/19
 29031 | Elf:1    | Lost mutation: Your mind is acute. (Int +4, Str/Dex-1)
                  | [Jiyva's grace]
 29031 | Elf:1    | Gained mutation: Your translucent skin slightly reduces
                  | your foes' accuracy. (Stealth+) [Jiyva's grace]
 29031 | Elf:1    | Gained mutation: Your translucent skin reduces your foes'
                  | accuracy. (Stealth+) [Jiyva's grace]
 29031 | Elf:1    | Gained mutation: Your transparent skin significantly
                  | reduces your foes' accuracy. (Stealth+) [Jiyva's grace]
 29031 | Elf:1    | Gained mutation: A frigid envelope surrounds you and
                  | freezes all who hurt you. [Jiyva's grace]
 29298 | Elf:1    | Found Qeuhoru's Magic Scroll Emporium.
 29821 | Slime:1  | Entered Level 1 of the Pits of Slime
 29830 | Slime:2  | Noticed an acid blob
 29857 | Slime:5  | Entered Level 5 of the Pits of Slime
 29872 | Slime:5  | Noticed an acid blob
 29873 | Slime:5  | Found a viscous altar of Jiyva.
 29875 | Slime:5  | Noticed an acid blob
 29875 | Slime:5  | Noticed an acid blob
 29876 | Slime:5  | Noticed an acid blob
 29876 | Slime:5  | Noticed the Royal Jelly
 29879 | Slime:5  | Found the +5 scythe "Finisher" {speed, eviscerate}
 29880 | Slime:5  | Noticed an acid blob
 29883 | Slime:5  | Noticed an acid blob
 29890 | Slime:5  | Identified the ring of Coomey {rElec rN++ EV+4 Str-4 SInv}
 29893 | Slime:5  | Got Advanced Spellcraft
 29895 | Slime:5  | Got the Tome of Creative Ignition
 29916 | Slime:5  | Identified the ring "Goriague" {Fire rN+}
 29926 | Slime:5  | Identified the +1 cloak "Otuoggug" {rElec}
 29941 | Slime:5  | Got a slimy rune of Zot
 29984 | Slime:5  | Noticed Dissolution
 30045 | Slime:3  | Noticed an acid blob
 30242 | D:15     | Entered Level 15 of the Dungeon
 30632 | D:15     | Found Biasogaf's Antique Armour Boutique.
 30751 | D:15     | Found a staircase to the Depths.
 30758 | D:15     | Gained mutation: Your flesh is heat resistant. (rF+)
                  | [hidden potential]
 30758 | D:15     | Lost mutation: You have great hidden genetic potential.
                  | [hidden potential expressed]
 31698 | Spider:4 | Entered Level 4 of the Spider Nest
 31776 | Spider:4 | Paralysed by a jorogumo for 3 turns
 31845 | Spider:4 | Lost intelligence.
 32375 | Elf:2    | Found a runed translucent gate.
 32375 | Elf:2    | Found a runed translucent gate.
 32386 | Elf:2    | Found a runed translucent gate.
 32650 | Elf:2    | Paralysed by an air elemental for 1 turns
 32738 | Elf:2    | Found a magical portal.
 32747 | WizLab   | Entered Alistair's Party Mansion
 32850 | WizLab   | Lost mutation: A frigid envelope surrounds you and freezes
                  | all who hurt you. [Jiyva's grace]
 32850 | WizLab   | Lost mutation: You passively map a small area around you.
                  | [Jiyva's grace]
 32850 | WizLab   | Lost mutation: Your body has grown many eyes which may
                  | confuse attackers. (Acc +5) [Jiyva's grace]
 32850 | WizLab   | Gained mutation: You have a small jelly attached to you
                  | that may absorb projectiles. [Jiyva's grace]
 32850 | WizLab   | Gained mutation: Your melee attacks may engulf your foes in
                  | ooze. [Jiyva's grace]
 32850 | WizLab   | Gained mutation: Your muscles are very strong. (Str +8,
                  | Int/Dex-2) [Jiyva's grace]
 32850 | WizLab   | Gained mutation: You are robust. (+10% HP) [Jiyva's grace]
 32877 | WizLab   | Paralysed by a sphinx for 4 turns
 32881 | WizLab   | HP: 6/179 [entropy weaver (10)]
 32881 | WizLab   | Slain by a sphinx

Illustrated notes

Levels and vault maps discovered:
D:1:      scummos_arrival_simple_crosswalls, layout_loops_ring
D:2:      layout_basic, uniq_natasha, uniq_crazy_yiuf_cottage
D:3:      layout_rooms, minmay_misc_feat_five
D:4:      minmay_evil_eye, layout_layer_cave, amcnicky_altar_gilded,
          minmay_temple_entry_stoned_glass, minmay_misc_feat_cross
D:5:      layout_loops_ring, led_sif_book, nicolae_dithmenos_the_darkroom,
          nicolae_tso_carved_into_rock, uniq_grinder
D:6:      layout_layer_cave, minmay_statues_item
D:7:      layout_layer_cave, minivault_10, minmay_quadrilaterals
D:8:      layout_basic, uniq_prince_ribbit1
D:9:      layout_small_grid, general_overflow_altar, david_lair_shrubbed,
          david_orc_4, enter_bailey_5
D:10:     layout_irregular_city, serial_shops, kennysheep_little_box,
          minmay_misc_feat_square
D:11:     minmay_bloctagon_deflated, layout_basic, serial_shops,
          nicolae_shop_trees, nicolae_elevator_lobby_asterisk
D:12:     layout_loops_ring
D:13:     layout_long_grid, chequers_mini_garden, minmay_misc_feat_iff
D:14:     nzn_winding_woodlands_three_and_one
          [nzn_winding_woodlands_5x15_lazy_stream,
          nzn_winding_woodlands_5x15_jagged, nzn_winding_woodlands_5x15_eye,
          nzn_winding_woodlands_center_garden], layout_basic,
          grunt_vaults_entry_fortified, serial_park_tiny_2, uniq_josephine
D:15:     grunt_enter_depths_snipers, layout_basic, serial_glass,
          glass_columns_a, glass_columns_b, serial_shops, nicolae_shop_trees
Temple:   minmay_temple_bridge_d
Lair:1:   layout_big_grid, grunt_megastairs_2, lemuel_fruit_tree
Lair:2:   layout_misc_corridors, portal_ice_cave_demonic_guard,
          nicolae_lair_lil_pond
Lair:3:   layout_cave_pods, spider_nest_entry_web_field, lemuel_fruit_fields
Lair:4:   beast_lair_carwin_large_2, layout_cave_shapes,
          minmay_shoals_entry_lonely_mermaid
Lair:5:   layout_gridlike
Lair:6:   due_jungle_book, layout_cave_shapes, minmay_slime_entry_oklob_open,
          serial_bayou_shore_a
Spider:1: layout_spider_delve, hangedman_spider_tarantella_strand
Spider:2: layout_spider_delve, uniq_arachne, uniq_nikola
Spider:3: layout_spider_delve
Spider:4: guppyfry_spider_rune, nzn_ghost_randoct, worms_lemuel
Slime:1:  layout_caves, cheibrodos_slime_lost_civilization_4
Slime:2:  layout_caves, special_room [special_room_jelly]
Slime:3:  layout_caves
Slime:4:  layout_caves, nicolae_slime_phagocytosis
Slime:5:  uniq_dissolution
Orc:1:    layout_caves, lightli_church_of_beogh
Orc:2:    st_orc_rangers, layout_diamond_mine, basic_altar
Elf:1:    layout_loops_ring, serial_shops, nicolae_shop_stone,
          hangedman_elf_disciples, minivault_23, minmay_shoptagon
Elf:2:    elven_hall_of_blades_hangedman_original
          [nicolae_blade_entry_pointy_end], layout_geoelf_diagonals,
          mu_enter_wizlab_4
WizLab:   wizlab_alistair

Skill      XL: |  1  2  3  4  5  6  7  8  9 10 11 12 13 14 15 16 17 |
---------------+----------------------------------------------------+-----
Maces & Flails | 2 3 4 5 6 7 9 11 12 14 15 16 17 | 17.8
Shields        | 3 4 5 6 8 9 10 11 13 14 15 16 17 | 17.7
Dodging        | 3 4 5 6 7 8 |  8.4
Fighting       | 3 4 5 6 7 8 9 10 | 10.9
Armour         | 2 3 4 6 7 8 9 |  9.2
Throwing       | 1 |  1.4

Action                   |  1- 3 |  4- 6 |  7- 9 | 10-12 | 13-15 | 16-18 || total
-------------------------+-------+-------+-------+-------+-------+-------++-------
Melee: Flail             |   110 |   173 |   433 |   903 |  2326 |  1492 ||  5437
       Pseudopods        |       |       |       |       |   229 |    47 ||   276
Throw: Dart              |       |     4 |     6 |    11 |       |       ||    21
       Throwing net      |       |       |     1 |     1 |       |       ||     2
       Boomerang         |       |       |       |     1 |       |       ||     1
Invok: Oozemancy         |       |       |       |       |     5 |     1 ||     6
       Slimify           |       |       |       |       |     1 |     1 ||     2
  Use: Potion            |     2 |     1 |       |     4 |    10 |     7 ||    24
       Scroll            |       |     3 |    14 |     5 |    15 |     1 ||    38
 Stab: Sleeping          |       |       |     2 |     2 |       |       ||     4
       Held in net/web   |       |       |     1 |       |       |       ||     1
       Distracted        |       |       |       |     3 |     1 |     1 ||     5
       Invisible         |       |       |       |     3 |    68 |    25 ||    96
       Confused          |       |       |       |       |       |    22 ||    22
       Petrified         |       |       |       |       |       |     4 ||     4
       Petrifying        |       |       |       |       |       |     1 ||     1
Armor: Robe              |    39 |    48 |    65 |    32 |       |       ||   184
       Troll leather arm |       |       |    64 |       |       |       ||    64
       Steam dragon scal |       |       |    23 |       |       |       ||    23
       Shadow dragon sca |       |       |     6 |   338 |   850 |   586 ||  1780
Dodge: Dodged            |    59 |    65 |   189 |   434 |  1849 |   873 ||  3469
Block: Kite shield       |    50 |    84 |   396 |   817 |  2345 |  1227 ||  4919
       Reflection        |       |       |    16 |     5 |    76 |    48 ||   145

Table legend: (Time is in decaauts)
 A = Elapsed time spent in this place.
 B = Non-inter-level travel time spent in this place.
 C = Inter-level travel time spent in this place.
 D = Time resting spent in this place.
 E = Time spent auto-exploring this place.
 F = Levels seen in this place.
 G = Mean time per level.
                   A        B        C        D        E       F      G
               +--------+--------+--------+--------+--------+-----+--------+
         Total |  32653 |  28527 |   4126 |   2040 |  18085 |  39 |  837.3 |
       Dungeon |  14724 |  13014 |   1710 |     85 |   9824 |  15 |  981.6 |
        Temple |    190 |    152 |     38 |      0 |    141 |   1 |  190.0 |
          Lair |   8662 |   7540 |   1122 |   1807 |   3851 |   6 | 1443.7 |
   Spider Nest |   3353 |   2947 |    406 |    124 |   1749 |   4 |  838.2 |
    Slime Pits |    244 |     54 |    190 |      0 |     35 |   5 |   48.8 |
  Orcish Mines |   1661 |   1282 |    379 |      0 |    845 |   2 |  830.5 |
   Elven Halls |   1561 |   1282 |    279 |      0 |    835 |   2 |  780.5 |
         Abyss |    602 |    602 |      0 |     24 |    116 |   1 |  602.0 |
        Bailey |    484 |    484 |      0 |      0 |    171 |   1 |  484.0 |
      Ice Cave |    989 |    989 |      0 |      0 |    453 |   1 |  989.0 |
        Wizlab |    179 |    179 |      0 |      0 |     63 |   1 |  179.0 |
               +--------+--------+--------+--------+--------+-----+--------+

Top non-repeatable levels by time:
  Lair:5: 2056 daAuts
  Lair:3: 1777 daAuts
     D:9: 1577 daAuts
  Lair:6: 1460 daAuts
  Lair:4: 1359 daAuts
     D:7: 1259 daAuts
     D:6: 1247 daAuts
    D:14: 1247 daAuts
Spider:2: 1220 daAuts
     D:4: 1196 daAuts
    D:15: 1155 daAuts
    D:11: 1150 daAuts
  Lair:2: 1106 daAuts
   Orc:2: 1095 daAuts
     D:5: 1047 daAuts
